 Dungeon Crawl Stone Soup version 0.18-a0-1577-gf591c28 (webtiles) character file.

334 M4edhros the Grasshopper (level 6, 0/39 HPs)
             Began as an Octopode Warper on Mar 20, 2016.
             Slain by an orc wizard
             ... wielding a +0 dagger
              (3 damage)
             ... on level 3 of the Dungeon.
             The game lasted 00:04:41 (4498 turns).

M4edhros the Grasshopper (Octopode Warper)          Turns: 4498, Time: 00:04:41

Health: 0/39       AC:  1    Str: 10    XL:     6   Next: 53%
Magic:  9/9        EV: 12    Int: 16    God:    Xom [......]
Gold:   150        SH:  0    Dex: 13    Spells: 2 memorised, 5 levels left

rFire  . . .     SeeInvis .     m - +1 war axe (elec)
rCold  . . .     Gourm    .     (no shield)
rNeg   . . .     Faith    .     (helmet restricted)
rPois  .         Spirit   .     (no amulet)
rElec  .         Dismiss  .     (no ring)
rCorr  .         Reflect  .     (no ring)
SustAt .         Harm     .     (no ring)
MR     .....                    (no ring)
Stlth  ++........               (no ring)
                                (no ring)
                                (no ring)
                                (no ring)

@: not resistant to hostile enchantments, unstealthy
A: almost no armour, amphibious, 8 rings, constrict 8, camouflage 1, gelatinous
body 1
a: Renounce Religion


You were on level 3 of the Dungeon.
You worshipped Xom.
You were a very special plaything of Xom.
You were not hungry.

You visited 1 branch of the dungeon, and saw 4 of its levels.

You collected 150 gold pieces.

Inventory:

Hand Weapons
 m - a +1 war axe of electrocution (weapon)
Missiles
 c - a tomahawk of dispersal (quivered)
 f - 147 stones
 n - 8 sling bullets
Wands
 l - a wand of digging (4/24)
 p - a wand of teleportation (4/9)
Scrolls
 b - 2 scrolls of blinking
 e - 2 scrolls of teleportation
 i - 3 scrolls of remove curse {unknown}
 j - 3 scrolls of identify {unknown}
 o - a scroll of enchant weapon {unknown}
 q - 2 scrolls of amnesia {unknown}
 t - a scroll of noise {unknown}
Books
 a - a book of Spatial Translocations

   Spells                             Type                      Level
   a - Apportation                    Translocation                1
   b - Blink                          Translocation                2
   c - Shroud of Golubria             Charms/Translocation         2
   d - Portal Projectile              Translocation                3
   e - Teleport Other                 Translocation                3
   f - Passage of Golubria            Translocation                4
Comestibles
 d - 3 bread rations
 g - a royal jelly
 h - 2 slices of pizza
 k - a beef jerky


   Skills:
 - Level 2.0 Fighting
 - Level 1.0 Throwing
 - Level 2.3 Dodging
 - Level 2.0 Unarmed Combat
 - Level 2.0 Spellcasting
 + Level 7.1 Translocations


You had 5 spell levels left.
You knew the following spells:

 Your Spells              Type           Power        Failure   Level  Hunger
a - Apportation           Tloc           ###.......   1%          1    #......
b - Portal Projectile     Tloc           ###...       3%          3    ###....


Dungeon Overview and Level Annotations

Branches:
Dungeon (4/15)
 Temple: D:4-7

Altars:
Ashenzari
Gozag
Okawaru
Pakellas
Qazlal
Trog
Xom
Yredelemnul

Annotations:
D:3 Grinder


Innate Abilities, Weirdness & Mutations

You cannot wear most types of armour.
You are amphibious.
You can wear up to eight rings at the same time.
You can use your tentacles to constrict eight enemies at once.
Your skin changes colour to match your surroundings (Stealth).
Your rubbery body absorbs attacks (AC +1).


Message History

A magic dart appears from out of thin air!
The magic dart hits you!
* * * LOW HITPOINT WARNING * * *
The orc hits you but does no damage.
You hear some strange, mumbled words.
A magic dart appears from out of thin air!
The magic dart hits you!
* * * LOW HITPOINT WARNING * * *
Unknown command.
You aren't carrying any potions.
Evoke which item? (* to show all) (? for menu, Esc to quit)
Okay, then.
You slash the orc!
You kill the orc!
You hit something but do no damage. Something hits you.
* * * LOW HITPOINT WARNING * * *
Unknown command.
You barely miss something. Something hits you.
You die... "Huh?
Did I miss anything?"

............#.##.###.............
.......#....#.##.# #.....##....##
###...##.........# #.....##....#
.................# #.....##....##
.................# #.....##......
...........#.....# #.....##......
...........#.....# #.....##......
.........###....{###.....##......
................@.............###
.........###...).[...............
.........# #..................#<.
.........# #...................##
.....รท...#
#........###..........
###############.....# #........##
..............#.....# #........#
...#...#...#..###...# ######.#.#
............._# #...# #.#.#


There were no monsters in sight!

Vanquished Creatures
  Sigmund (D:2)
  Jessica (D:2)
  Terence (D:2)
  3 adders
  2 oozes
  An adder skeleton (D:3)
  A worm (D:2)
  4 giant geckos (D:1)
  8 orcs
  11 bats
  4 giant cockroaches
  4 goblins
  8 hobgoblins
  2 jackals (D:3)
  10 kobolds
  2 quokkas
  4 giant newts
  6 rats
73 creatures vanquished.

Vanquished Creatures (others)
  A plant (D:1)
1 creature vanquished.

Grand Total: 74 creatures vanquished

Notes
Turn   | Place    | Note
--------------------------------------------------------------
     0 | D:1      | M4edhros the Octopode Warper began the quest for the Orb.
     0 | D:1      | Reached XP level 1. HP: 14/14 MP: 3/3
   155 | D:1      | Reached XP level 2. HP: 6/19 MP: 5/5
   433 | D:1      | Reached skill level 4 in Translocations
   504 | D:1      | Reached XP level 3. HP: 11/24 MP: 6/6
  1372 | D:2      | Learned a level 3 spell: Portal Projectile
  1603 | D:2      | Reached XP level 4. HP: 18/29 MP: 7/7
  1960 | D:2      | Noticed Jessica
  1966 | D:2      | Killed Jessica
  1966 | D:2      | Reached skill level 5 in Translocations
  2345 | D:2      | Found an iron altar of Okawaru.
  2369 | D:2      | Found a stormy altar of Qazlal.
  2370 | D:2      | Found a bloodstained altar of Trog.
  2370 | D:2      | Found an oddly glowing altar of Pakellas.
  2624 | D:2      | Found a shattered altar of Ashenzari.
  2642 | D:2      | Noticed Terence
  2651 | D:2      | Killed Terence
  2651 | D:2      | Reached XP level 5. HP: 34/34 MP: 8/8
  2652 | D:2      | Noticed Sigmund
  2666 | D:2      | Killed Sigmund
  2666 | D:2      | Reached skill level 6 in Translocations
  2666 | D:2      | Reached XP level 6. HP: 5/39 MP: 9/9
  3023 | D:3      | Found a shimmering altar of Xom.
  3025 | D:3      | Found a shimmering altar of Xom.
  3025 | D:3      | Found a shimmering altar of Xom.
  3026 | D:3      | Found a shimmering altar of Xom.
  3034 | D:3      | Found a shimmering altar of Xom.
  3034 | D:3      | Found a shimmering altar of Xom.
  3038 | D:3      | Became a worshipper of Xom the Fickle
  3547 | D:3      | XOM: divination: detect items
  3644 | D:3      | Noticed Grinder
  3650 | D:3      | Paralysed by Grinder for 6 turns
  3779 | D:3      | XOM: smoke on damage
  3781 | D:3      | Reached skill level 7 in Translocations
  3842 | D:3      | XOM: silly message
  3863 | D:3      | XOM: divination: detect items
  3948 | D:3      | XOM: harmless Tloc miscast
  4022 | D:3      | Found a basalt altar of Yredelemnul.
  4069 | D:3      | XOM: harmless Tloc miscast
  4073 | D:3      | Found an opulent altar of Gozag.
  4333 | D:3      | Paralysed by Grinder for 6 turns
  4456 | D:3      | XOM: noise
  4498 | D:3      | Slain by an orc wizard

Vault maps used:
D:1:      dpeg_arrival_tiny_d, serial_park_tiny_2, lexackson_kobold_supper
D:2:      nicolae_ashenzari_panopticon, grunt_temple_overflow_open,
          corexii_corridor_pit, uniq_sigmund, uniq_terence, uniq_jessica
D:3:      lemuel_round_altar, xom_redecorated, lemuel_coloured_pillars_altar,
          first_bread, uniq_grinder
D:4:      wad_river_or_something, demons_altar

Skill      XL: |  1  2  3  4  5  6 |
---------------+-------------------+-----
Translocations | 4 5 6 7 |  7.1
Fighting       | |  2.0
Throwing       | |  1.0
Dodging        | |  2.3
Unarmed Combat | |  2.0
Spellcasting   | |  2.0

Action                   |  1- 3 |  4- 6 || total
-------------------------+-------+-------++-------
Melee: Unarmed           |    74 |       ||    74
       War axe           |     8 |    79 ||    87
Throw: Tomahawk          |     4 |       ||     4
  Use: Potion            |       |     3 ||     3
       Scroll            |       |     1 ||     1
 Stab: Sleeping          |    11 |     6 ||    17
       Distracted        |     1 |     1 ||     2
  Eat: Chunk             |     2 |     9 ||    11
